Map: New Repugnancy LE

Players

Stropheum

  • Race: Zerg Zerg
  • League: Diamond
  • Spawn Location: 7:00

LastHorizon - Winner!

  • Race: Protoss Protoss
  • League: Diamond
  • Spawn Location: 1:00

VOD

Have the link to the VOD?

Description

Time

  • Played on: Jan. 27, 2019, 12:57 a.m.
  • Length: 13:32
Show
View Real Time Build Order
Export as new Build Order

Stropheum Zerg 

Build Orders: Hatch First 

Get SALT Encoding   

  12  0:01  Drone  
  13  0:13  Overlord  
  13  0:18  Drone  
  14  0:31  Drone x2  
  16  0:51  Hatchery  
  16  0:54  Drone  
  16  0:57  Drone  
  16  1:01  Drone  
  18  1:11  Extractor  
  17  1:18  Spawning Pool  
  17  1:21  Drone  
  17  1:24  Drone  
  18  1:29  Drone  
  19  1:39  Drone  
  20  1:50  Overlord  
  20  2:05  Queen x2  
  20  2:06  Zergling x4  
  26  2:12  Drone  
  26  2:15  Metabolic Boost  
  27  2:17  Drone  
  27  2:22  Drone  
  29  2:28  Drone  
  30  2:44  Hatchery  
  29  2:51  Overlord, Drone  
  29  2:53  Drone  
  29  2:54  Drone  
  31  2:59  Drone  
  31  3:00  Drone  
  33  3:11  Drone  
  34  3:15  Queen  
  34  3:19  Overlord  
  36  3:25  Drone x4  
  40  3:30  Evolution Chamber  
  40  3:31  Drone x2  
  41  3:40  Overlord  
  41  3:43  Spore Crawler  
  41  3:46  Spore Crawler  
  39  3:57  Zerg Melee Weapons Level 1  
  39  4:00  Drone x8  
  47  4:09  Overlord x2  
  47  4:13  Drone x2  
  49  4:25  Spore Crawler  
  49  4:26  Queen  
  49  4:28  Overlord  
  49  4:29  Drone x4  
  54  4:33  Extractor  
  54  4:34  Extractor  
  52  4:39  Zergling x8, Baneling Nest  
  52  4:40  Zergling x2  
  54  5:06  Drone x4  
  58  5:11  Lair  
  58  5:20  Zergling x18  
  67  5:30  Drone  
  67  5:33  Roach Warren  
  67  5:42  Overlord x2  
  66  5:44  Drone x5  
  66  5:45  Zergling x8  
  75  5:57  Overlord x3  
  75  5:58  Overlord  
  75  6:11  Zerg Melee Weapons Level 2  
  75  6:12  Centrifical Hooks  
  75  6:19  Zergling x26  
  86  6:27  Zergling x2  
  86  6:29  Queen x2  
  83  6:36  Roach x2  
  80  6:45  Roach x6  
  77  7:03  Queen  
  77  7:04  Queen x2, Drone x5  
  77  7:05  Drone  
  89  7:12  Drone  
  89  7:13  Drone x3  
  91  7:20  Drone x2  
  91  7:24  Glial Reconstitution  
  91  7:32  Drone x3  
  94  7:39  Drone x3  
  94  7:44  Hatchery  
  96  8:01  Extractor, Drone x8  
  96  8:02  Extractor  
  102  8:08  Zergling x2, Hydralisk Den  
  102  8:10  Infestation Pit  
  101  8:33  Overlord x6  
  101  8:34  Overlord x2  
  101  8:35  Zergling x10  
  105  8:42  Zerg Missile Weapons Level 1  
  105  8:44  Roach x2  
  105  8:45  Roach x4  
  117  8:48  Grooved Spines  
  117  8:55  Hydralisk x7  
  126  9:11  Hydralisk x6  
  134  9:33  Extractor  
  133  9:41  Lurker Den  
  133  9:42  Hive  
  133  9:44  Zergling x32  
  148  9:56  Hydralisk  
  148  9:57  Hydralisk x5  
  160  10:00  Muscular Augments  
  160  10:17  Baneling x15  
  160  10:23  Baneling  
  159  10:36  Spine Crawler, Spore Crawler  
  159  10:37  Spine Crawler  
  148  10:44  Baneling x5  
  148  10:45  Baneling x10  
  148  10:46  Hydralisk  
  148  10:47  Roach  
  148  10:48  Roach  
  148  10:49  Zergling x28  
  166  10:50  Zergling x12  
  156  11:09  Roach x8  
  162  11:21  Extractor x2  
  162  11:25  Hydralisk x2  
  156  11:26  Roach x5, Hydralisk  
  166  11:37  Hydralisk x2  
  166  11:38  Hydralisk x2  
  166  11:39  Zergling x2  
  169  11:46  Hydralisk x2  
  161  11:47  Roach  
  150  12:01  Hydralisk  
  150  12:02  Roach x4, Hydralisk x2  
  150  12:05  Roach  
  162  12:15  Roach, Hydralisk x2  
  162  12:16  Roach x2  
  161  12:24  Hydralisk  
  161  12:25  Roach x3  
  151  12:33  Hydralisk  
  151  12:34  Roach x2, Hydralisk  
  151  12:41  Hydralisk  
  151  12:42  Roach x2  
  107  12:51  Hydralisk  
  107  12:52  Roach x2, Hydralisk  
  107  12:57  Hydralisk  
  105  12:59  Zergling x2  
  105  13:00  Zergling x2  
  95  13:08  Hydralisk x2  
  95  13:09  Roach  
Show
View Real Time Build Order
Export as new Build Order

LastHorizon Protoss - Winner!

Build Orders: 1 Gate Expand, Oracle Opening, Phoenix Opening, Archon Immortal, Archon Drop 

Get SALT Encoding   

  12  0:00  Probe  
  13  0:12  Probe  
  14  0:19  Pylon  
  14  0:24  Probe  
  15  0:33  Probe  
  15  0:40  Gateway  
  15  0:41  Probe  
  16  0:49  Assimilator  
  17  0:52  Probe  
  18  1:04  Probe  
  19  1:16  Probe  
  20  1:27  Nexus  
  20  1:38  Cybernetics Core  
  20  1:40  Probe  
  21  1:48  Assimilator  
  21  1:52  Probe  
  22  1:58  Pylon  
  22  2:04  Probe  
  22  2:06  Adept  
  23  2:17  Probe  
  23  2:22  Stargate  
  26  2:29  Probe  
  26  2:30  Warp Gate  
  26  2:36  Adept  
  29  2:37  Probe  
  29  2:38  Probe  
  31  2:45  Probe  
  31  2:48  Probe  
  33  2:54  Probe  
  34  3:00  Probe  
  35  3:05  Phoenix  
  35  3:06  Probe  
  36  3:17  Probe  
  36  3:18  Probe  
  40  3:28  Pylon  
  40  3:29  Probe  
  40  3:33  Gateway  
  41  3:35  Oracle, Probe  
  45  3:41  Probe  
  45  3:43  Assimilator  
  45  3:44  Assimilator  
  45  3:47  Probe  
  47  3:54  Probe  
  48  3:57  Robotics Facility  
  48  3:58  Twilight Council  
  48  3:59  Probe  
  49  4:06  Probe  
  50  4:11  Probe  
  51  4:18  Probe  
  51  4:19  Gateway  
  51  4:21  Gateway  
  52  4:26  Gateway  
  52  4:29  Probe  
  52  4:30  Gateway, Probe  
  54  4:32  Charge  
  54  4:38  Pylon  
  54  4:42  Pylon  
  54  4:47  Warp Prism  
  54  4:56  Templar Archives  
  54  4:57  Zealot  
  58  5:01  Zealot  
  60  5:14  Pylon  
  60  5:20  Nexus  
  60  5:21  Pylon  
  60  5:30  Zealot x2  
  64  5:44  High Templar x4  
  72  5:50  Archon x2  
  72  5:52  Zealot x2  
  72  5:55  Probe x2  
  78  6:01  Pylon  
  78  6:02  Pylon  
  78  6:10  Probe x2  
  80  6:14  Pylon  
  80  6:16  Forge  
  80  6:21  Zealot  
  80  6:22  Probe, Zealot x3  
  83  6:33  Protoss Ground Weapons Level 1  
  82  6:43  Zealot x6  
  73  7:01  Probe x3  
  73  7:07  High Templar x3  
  73  7:08  High Templar x2  
  86  7:09  High Templar  
  86  7:13  Archon x3, Probe x3  
  91  7:19  Immortal  
  87  7:26  Probe  
  87  7:27  Probe x2  
  87  7:28  Psionic Storm  
  87  7:29  Pylon  
  94  7:31  Pylon  
  94  7:38  Assimilator, Probe  
  94  7:39  Probe x2  
  94  7:41  High Templar  
  94  7:43  Assimilator  
  99  7:50  Probe  
  99  7:51  Probe x2  
  101  7:54  Robotics Facility  
  101  7:57  Immortal  
  102  8:02  Probe  
  102  8:03  Probe  
  102  8:05  Shield Battery  
  104  8:06  Shield Battery  
  104  8:11  Probe  
  109  8:14  Probe  
  109  8:15  Probe  
  109  8:17  Pylon  
  111  8:20  Pylon  
  111  8:21  High Templar  
  111  8:23  Pylon  
  111  8:25  High Templar  
  111  8:26  Zealot  
  111  8:27  Pylon, Zealot  
  119  8:35  Immortal x2  
  119  8:36  Protoss Ground Weapons Level 2  
  127  8:57  Zealot  
  127  8:58  Zealot x2  
  127  9:01  Photon Cannon  
  133  9:08  Pylon  
  133  9:10  Nexus  
  133  9:11  Gateway  
  133  9:14  Pylon  
  133  9:22  Immortal  
  131  9:25  Immortal  
  125  9:31  High Templar x2  
  137  9:39  Zealot x4  
  145  9:55  Gateway  
  145  9:57  Gateway  
  145  9:59  Pylon  
  145  10:00  Gateway  
  145  10:01  Pylon, Immortal x2  
  153  10:08  High Templar  
  153  10:09  High Templar x3  
  161  10:14  Archon x2  
  161  10:21  Zealot x2  
  163  10:22  Photon Cannon  
  163  10:24  Photon Cannon  
  163  10:25  Photon Cannon  
  163  10:30  Pylon  
  163  10:31  Photon Cannon  
  163  10:35  High Templar  
  165  10:42  Probe x3  
  162  10:43  Observer  
  162  10:44  Observer  
  162  10:46  Probe  
  145  10:50  Probe x3  
  145  10:52  High Templar x2  
  145  10:55  Sentry  
  153  10:58  Probe  
  153  11:00  Probe  
  153  11:01  Probe  
  153  11:02  Probe  
  155  11:06  Zealot x2  
  155  11:10  Probe  
  154  11:12  Probe, Zealot x4  
  158  11:22  Zealot x2  
  158  11:26  High Templar x2  
  158  11:32  Zealot x2  
  144  11:51  Probe x3  
  147  11:55  Zealot x2  
  147  11:56  Zealot x2  
  147  11:58  Zealot  
  147  12:01  Adept  
  159  12:02  Sentry  
  159  12:03  Probe x3  
  159  12:08  Cybernetics Core  
  162  12:15  Probe  
  159  12:17  Zealot  
  159  12:18  Zealot x2  
  149  12:36  Probe x3  
  152  12:41  Zealot x4  
  152  12:42  Zealot  
  158  12:48  Probe  
  134  13:14  High Templar  
  134  13:15  High Templar x5  
  142  13:21  Zealot x3  
  142  13:22  Archon  
Tags
 
Add a new tag
Caveats
  • Supply blocks, unpowered buildings, or Contaminate may cause inaccurate times.
  • Supply counts are checked every 10 seconds.